 Dungeon Crawl Stone Soup version 0.31-a0-1074-g0b22e4e0f1 (webtiles) character file.

Game seed: 13195433072453596727

88 kae the Vexing (level 4, -1/32 HPs)
             Began as a Demonspawn Enchanter on Nov 26, 2023.
             Slain by Crazy Yiuf
             ... wielding a +2 quarterstaff of chaos
              (6 damage)
             ... on level 2 of the Dungeon.
             The game lasted 00:01:41 (1751 turns).

kae the Vexing (Demonspawn Enchanter)               Turns: 1751, Time: 00:01:42

Health: -1/32      AC:  5    Str:  6 (8)  XL:     4   Next: 29%
Magic:  7/7        EV: 12    Int: 16 (19) God:
Gold:   75         SH:  5    Dex: 10 (13) Spells: 2/7 levels left

rFire   + . .        j - +1 rapier (flame)
rCold   + . .        (no shield)
rNeg    . . .        b - +1 robe
rPois   +            (no helmet)
rElec   +            (no cloak)
rCorr   +            (no gloves)
SInv    .            (no boots)
Will    .....        n - amulet of reflection
Stlth   ++           (no ring)
HPRegen 0.25/turn    (no ring)
MPRegen 0.10/turn

%: reflection
@: lethally poisoned (-1 -> -4), resistant
A: demonic guardian 1, sharp scales 2
a: no special abilities


You were on level 2 of the Dungeon.
You visited 1 branch of the dungeon, and saw 2 of its levels.

You collected 75 gold pieces.


Innate Abilities, Weirdness & Mutations

A weak demonic guardian rushes to your aid.
You are mostly covered in razor-sharp scales. (AC +2, Slay +2)


   Skills:
 + Level 1.0 Fighting
 * Level 1.9 Short Blades
 + Level 2.1 Dodging
 + Level 2.9 Stealth
 + Level 2.2 Spellcasting
 * Level 3.7 Hexes
 * Level 0.7 Ice Magic


You had 2 spell levels left.
You knew the following spells:

 Your Spells              Type           Power      Damage    Failure   Level
a - Ensorcelled Hibernat  Hex/Ice        18%        N/A       12%         2
b - Confusing Touch       Hex            13%        N/A       13%         3

Your spell library contained the following spells:

 Spells                   Type           Power      Damage    Failure   Level
 Sandblast                Erth           2%         2d4       21%         1
 Passwall                 Tmut/Erth      0%         N/A       30%         2
 Sublimation of Blood     Necr           1%         N/A       30%         2
 Tukima's Dance           Hex            13%        N/A       13%         3
 Dazzling Flash           Conj/Hex       14%        N/A       28%         3
 Ignite Poison            Fire/Tmut/Pois 1%         N/A       52%         3
 Stone Arrow              Conj/Erth      2%         3d7       52%         3
 Brom's Barrelling Bould  Conj/Erth      1%         2d3       90%         4
 Petrify                  Tmut/Erth      1%         N/A       90%         4
 Sticky Flame             Conj/Fire      1%         2d3       90%         4
 Irradiate                Conj/Tmut      0%         3d11      99%         5
 Ignition                 Fire           0%         3d3       100%        8

Inventory:

Hand Weapons
 a - a +1 dagger
 j - a +1 rapier of flaming (weapon)
   (You acquired it on level 1 of the Dungeon)
Missiles
 d - 11 stones
Armour
 b - a +1 robe (worn)
Jewellery
 n - an amulet of reflection (around neck)
   (You found it on level 2 of the Dungeon)
Scrolls
 g - a scroll of blinking {!r}
 i - a scroll of enchant armour
 k - a scroll of fog {unknown}
Potions
 c - a potion of invisibility
 e - a potion of degeneration {!q}
 h - a potion of resistance
 m - a potion of haste {unknown}

Dungeon Overview and Level Annotations

Branches:
Dungeon (2/15) Zot: 10251

Altars:

Annotations:
D:2 Crazy Yiuf

#.# #.# #.........####.#
#.####.####.###.###.####.#
#.#...................##.#
###################.#.##.#
#.#....# #.###### ####♣♣
##### ####.......
###....♣♣ ♣♣#..)#
#.....#####
#.......♣♣♣♣5@g..# #.#...#
##.#......♣..♣#...#
#.#...#
###..##....♣.♣♣♣#####
#<....# ....#####♣♣♣♣♣
###.#†# .#### #...#.# .#
### ########.# .#
#.####### #.#.# #.# .#
#......[# #...# #.#
.#######...###.#######.#
#.#


You could see Crazy Yiuf (ally target) and a friendly white imp (summoned).


Message History

Key pressed, stopping explore.
Key pressed, stopping explore.
No target in view!
No target in view!
You see here a +0 mace.
There is a stone staircase leading down here.
Found a stone staircase leading down.
No target in view!
No target in view!
A hobgoblin comes into view.
The hobgoblin shouts!
A hobgoblin is nearby!
A hobgoblin is nearby!
The hobgoblin barely misses you.
You puncture the hobgoblin! You burn the hobgoblin.
You kill the hobgoblin!
You see here a hobgoblin corpse.
You see here a +0 robe.
Key pressed, stopping explore.
No target in view!
No target in view!
There is an open door here.
No reachable target in view!
No reachable target in view!
Could not explore, unopened runed door.
No reachable target in view!
No reachable target in view!
Could not explore, unopened runed door.
Could not explore, unopened runed door.
No reachable target in view!
No reachable target in view!
Could not explore, unopened runed door.
You open the door.
There is an open translucent door here.
Casting: Ensorcelled Hibernation (safe; 10% risk of failure)
Confirm with . or Enter, or press ? or * to list all spells.
Aiming: Ensorcelled Hibernation (safe; 10% risk of failure)
Press: ? - help, Shift-Dir - straight line, f - Crazy Yiuf
Aim: Crazy Yiuf, wielding a +2 quarterstaff of chaos and wearing a +0 cloak (wandering, hasn't noticed you, chance to affect: 52%) Crazy Yiuf resists with significant effort. 😎 MP[-2]
You lost 2 mp, and now have 5/7 mp.
Casting: Ensorcelled Hibernation (safe; 10% risk of failure)
Confirm with . or Enter, or press ? or * to list all spells.
Aiming: Ensorcelled Hibernation (safe; 10% risk of failure)
Press: ? - help, Shift-Dir - straight line, f/p - Crazy Yiuf
Aim: Crazy Yiuf, wielding a +2 quarterstaff of chaos and wearing a +0 cloak (chance to affect: 52%) Crazy Yiuf looks drowsy... 😎 MP[-2]
You lost 2 mp, and now have 3/7 mp.
Unknown command.
The helpless Crazy Yiuf fails to defend himself.
You puncture Crazy Yiuf! You burn Crazy Yiuf.
Crazy Yiuf cries, "Ten poople hand!"
Crazy Yiuf hits you with a +2 quarterstaff of chaos!
You are confused. 😮 HP[-10]
You take 10 damage, and now have 22/32 hp.
MASSIVE DAMAGE!! (PAUSE) Crazy Yiuf says, "Tosser King ladder!"
Crazy Yiuf completely misses you.
Unknown command.
Crazy Yiuf misses you.
There is an open translucent door, spattered with blood here.
Unknown command.
You bump into the stone wall.
Crazy Yiuf hits you but does no damage. 😮 HP[+1] Unknown command.
You closely miss Crazy Yiuf.
Crazy Yiuf hits you with a +2 quarterstaff of chaos.
You are poisoned. 😮 HP[-2]
You take 2 damage, and now have 21/32 hp.
It was a potion of magic.
Magic courses through your body.
You feel less confused.
You feel sick.
Crazy Yiuf hits you with a +2 quarterstaff of chaos.
* * * LOW HITPOINT WARNING * * *
Crazy Yiuf freezes you.
* * * LOW HITPOINT WARNING * * *
😨 HP[-8] MP[+4]
You take 8 damage, and now have 13/32 hp.
MASSIVE DAMAGE!! (PAUSE)
Your mp is fully restored (7).
It was a potion of degeneration.
There was something very wrong with that liquid.
You feel weakened.
You feel dopey.
You feel clumsy.
You feel sick.
Crazy Yiuf hits you with a +2 quarterstaff of chaos.
* * * LOW HITPOINT WARNING * * *
A demonic guardian appears!
Crazy Yiuf freezes you.
* * * LOW HITPOINT WARNING * * *
😱 HP[-7]
You take 7 damage, and now have 6/32 hp.
MASSIVE DAMAGE!! (PAUSE) It was a potion of resistance.
You feel protected.
You feel sick.
Crazy Yiuf hits you with a +2 quarterstaff of chaos.
You die...

Skill      XL: |  1  2  3  4 |
---------------+-------------+-----
Short Blades   | 1 |  1.9
Dodging        | 2 |  2.1
Fighting       | 1 |  1.0
Stealth        | |  2.9
Spellcasting   | |  2.2
Hexes          | |  3.7
Ice Magic      | |  0.7

Action                     |  1- 3 |  4- 6 || total
---------------------------+-------+-------++-------
  Melee: Dagger            |    78 |       ||    78
         Rapier            |    17 |     9 ||    26
   Cast: Ensorcelled Hiber |     2 |     2 ||     4
    Use: Scroll            |     5 |       ||     5
         Potion            |     1 |     3 ||     4
   Stab: Sleeping          |     7 |     1 ||     8
         Invisible         |     1 |       ||     1
 Armour: Robe              |    40 |     8 ||    48
  Dodge: Dodged            |    58 |     8 ||    66

Levels and vault maps discovered:
D:1:      heliophobic_arrival_ceremonial_halls, layout_loops_ring,
          shapermc_ecumenical_altar_mp_highgroup
D:2:      layout_basic, serial_curves, eino_curves_04, eino_curves_03,
          due_unseen_surprise, uniq_terence, uniq_crazy_yiuf_cottage

Notes
Turn   | Place    | Note
-------+----------+-------------------------------------------
     0 | D:1      | kae the Demonspawn Enchanter began the quest for the Orb.
     0 | D:1      | Reached XP level 1. HP: 13/13 MP: 3/3
     0 | D:1      | magus.rc [v1.11.3]
    17 | D:1      | Reached skill level 1 in Short Blades
    24 | D:1      | HP: 3/13 [goblin/+0 dagger (4)]
   132 | D:1      | Gained mutation: You are partially covered in razor-sharp
                  | scales. (AC +1, Slay +1) [demonic ancestry]
   132 | D:1      | Reached XP level 2. HP: 18/19 MP: 5/5
   310 | D:1      | Found a faded altar of an unknown god.
   451 | D:1      | You pick up a book of Geomancy and begin reading...
   451 | D:1      | You add the spells Sandblast, Passwall, Stone Arrow and
                  | Brom's Barrelling Boulder to your library.
   461 | D:1      | You pick up a book of Alchemy and begin reading...
   461 | D:1      | You add the spells Sublimation of Blood, Petrify and
                  | Irradiate to your library.
   491 | D:1      | Learned a level 2 spell: Ensorcelled Hibernation
   509 | D:1      | Gained mutation: You are mostly covered in razor-sharp
                  | scales. (AC +2, Slay +2) [demonic ancestry]
   509 | D:1      | Reached XP level 3. HP: 24/25 MP: 6/6
   513 | D:1      | Learned a level 3 spell: Confusing Touch
   818 | D:1      | Identified a scroll of acquirement
   818 | D:1      | Acquired a +0 rapier of flaming
   858 | D:2      | Reached skill level 2 in Dodging
   913 | D:2      | Found a runed translucent door.
   914 | D:2      | Noticed Crazy Yiuf
   953 | D:2      | Identified the scarf "Puwyunuf" {+Inv, Int+5 Slay-3}
  1184 | D:2      | Noticed Terence
  1227 | D:2      | Killed Terence
  1228 | D:2      | Gained mutation: A weak demonic guardian rushes to your
                  | aid. [demonic ancestry]
  1228 | D:2      | Reached XP level 4. HP: 14/31 MP: 1/7
  1257 | D:2      | Reached skill level 1 in Fighting
  1337 | D:2      | You add the spells Ignite Poison, Sticky Flame and Ignition
                  | to your library.
  1750 | D:2      | HP: 8/32 [Crazy Yiuf/+2 quarterstaff of chaos (4)]
  1751 | D:2      | Slain by Crazy Yiuf

Vanquished Creatures
  Terence (D:2)
  2 adders (D:2)
  4 ball pythons (D:1)
  2 bats
  3 endoplasms (D:1)
  3 giant cockroaches
  5 goblins (D:1)
  7 hobgoblins
  2 quokkas (D:1)
  A frilled lizard (D:1)
  4 rats (D:1)
34 creatures vanquished.

Vanquished Creatures (collateral kills)
  A worm (D:2)
  A bat (D:2)
  A rat (D:2)
3 creatures vanquished.

Grand Total: 37 creatures vanquished

Table legend:
 A = Non-vault XP
 B = Vault XP
 C = Vault XP percentage of total XP
 D = Non-vault monster count
 E = Vault monster count
 F = Vault count percentage of total count
                 A         B        C        D         E       F
            +---------+---------+-------+---------+---------+-------
      Total |      90 |      36 |  28.6 |      36 |       1 |   2.7
            +---------+---------+-------+---------+---------+-------
        D:1 |      48 |       0 |   0.0 |      27 |       0 |   0.0
        D:2 |      42 |      36 |  46.2 |       9 |       1 |  10.0
            +---------+---------+-------+---------+---------+-------

Skill      XL: |  1  2  3  4 |
---------------+-------------+-----
Short Blades   | 1 |  1.9
Dodging        | 2 |  2.1
Fighting       | 1 |  1.0
Stealth        | |  2.9
Spellcasting   | |  2.2
Hexes          | |  3.7
Ice Magic      | |  0.7

Action                     |  1- 3 |  4- 6 || total
---------------------------+-------+-------++-------
  Melee: Dagger            |    78 |       ||    78
         Rapier            |    17 |     9 ||    26
   Cast: Ensorcelled Hiber |     2 |     2 ||     4
    Use: Scroll            |     5 |       ||     5
         Potion            |     1 |     3 ||     4
   Stab: Sleeping          |     7 |     1 ||     8
         Invisible         |     1 |       ||     1
 Armour: Robe              |    40 |     8 ||    48
  Dodge: Dodged            |    58 |     8 ||    66

Illustrated notes

Table legend:
 A = Kills in this place as a percentage of kills in the entire game.
 B = Kills by you in this place as a percentage of kills by you in the entire game.
 C = Kills by friends in this place as a percentage of kills by friends in the entire game.
 D = Other kills in this place as a percentage of other kills in the entire game.
 E = Experience gained in this place as a percentage of experience gained in the entire game.
 F = Experience gained in this place divided by the number of levels of this place that you have seen.
                   A       B       C       D       E      F
               +-------+-------+-------+-------+-------+----------------------
         Total | 100.0 | 100.0 | 100.0 |   N/A | 100.0 |  63.0
       Dungeon | 100.0 | 100.0 | 100.0 |   N/A | 100.0 |  63.0
               +-------+-------+-------+-------+-------+----------------------

Table legend: (Time is in decaauts)
 A = Elapsed time spent in this place.
 B = Non-inter-level travel time spent in this place.
 C = Inter-level travel time spent in this place.
 D = Time resting spent in this place.
 E = Time spent auto-exploring this place.
 F = Levels seen in this place.
 G = Mean time per level.
                   A        B        C        D        E       F      G
               +--------+--------+--------+--------+--------+-----+--------+
         Total |   1747 |   1720 |     27 |    133 |   1293 |   2 |  873.5 |
       Dungeon |   1747 |   1720 |     27 |    133 |   1293 |   2 |  873.5 |
               +--------+--------+--------+--------+--------+-----+--------+

Top non-repeatable levels by time:
     D:2: 905 daAuts
     D:1: 841 daAuts
